 Seeded DCSS version 0.30.1 (webtiles) character file.

Game seed: 6351066067085065685 (custom seed)

308 Esekla the Grave Robber (level 6, 0/32 HPs)
             Began as a Deep Elf Necromancer on July 8, 2023.
             Was a Follower of Vehumet.
             Slain by a gnoll
             ... wielding a +0 club
             ... led by a gnoll bouda
              (5 damage)
             ... on level 4 of the Dungeon.
             The game lasted 00:20:32 (2859 turns).

Esekla the Grave Robber (Deep Elf Necromancer)      Turns: 2859, Time: 00:20:33

Health: 0/32       AC:  2    Str:  5    XL:     6   Next: 17%
Magic:  8/14       EV: 13    Int: 22    God:    Vehumet [*.....]
Gold:   182        SH:  0    Dex: 15    Spells: 10/14 levels left

rFire   . . .        o - +3 dagger (speed)
rCold   . . .        (no shield)
rNeg    . . .        a - +0 robe
rPois   .            (no helmet)
rElec   .            (no cloak)
rCorr   .            (no gloves)
SInv    .            (no boots)
Will    .....        (no amulet)
Stlth   +++          (no ring)
HPRegen 0.25/turn    (no ring)
MPRegen 0.14/turn

%: no passive effects
@: very slightly contaminated
A: no striking features
a: Renounce Religion


You were on level 4 of the Dungeon.
You worshipped Vehumet.
Vehumet was aware of your devotion.
You visited 1 branch of the dungeon, and saw 4 of its levels.

You collected 182 gold pieces.

Inventory:

Hand Weapons
 o - a +3 dagger of speed (weapon)
 r - a +0 spear
Missiles
 e - 8 poisoned darts (quivered)
 h - a throwing net
Armour
 a - a +0 robe (worn)
Wands
 m - a wand of roots (9)
Scrolls
 d - 2 scrolls of enchant weapon {unknown}
 f - a scroll of blinking
 g - a scroll of enchant armour {unknown}
 n - a scroll of amnesia {unknown}
 p - a scroll of immolation {unknown}
 q - a scroll of silence {unknown}
Potions
 c - a potion of attraction
 i - a potion of haste {unknown}
 j - a potion of mutation {unknown}
 k - 2 potions of curing {unknown}
 l - 2 potions of brilliance


   Skills:
 + Level 1.5 Short Blades
 + Level 0.5 Throwing
 * Level 4.1 Dodging
 + Level 3.7 Stealth
 * Level 4.6 Spellcasting
 * Level 6.3 Necromancy
 * Level 1.4 Translocations


You had 10 spell levels left.
You knew the following spells:

 Your Spells              Type           Power      Damage    Failure   Level
a - Necrotise             Necr           100%       1d9       1%          1
d - Vampiric Draining     Necr           32%        2d8       2%          3

Your spell library contained the following spells:

 Spells                   Type           Power      Damage    Failure   Level
 Sandblast                Erth           10%        2d5       11%         1
 Animate Dead             Necr           32%        N/A       8%          4
 Lesser Beckoning         Tloc           22%        N/A       9%          2
 Gell's Gravitas          Tloc           11%        N/A       17%         3
 Teleport Other           Tloc           11%        N/A       17%         3
 Agony                    Necr           32%        N/A       22%         5


Dungeon Overview and Level Annotations

Branches:
Dungeon (4/15)
 Temple: D:4-7

Altars:
Hepliaklqana
Okawaru
Qazlal
Trog
Vehumet
Zin
The Shining One

Shops:
D:2 =   D:4 (

Annotations:
D:2 black bear


Message History

Aim: a gnoll bouda, wielding a +0 club and wearing a +0 leather armour (heavily wounded)
You draw life force from the gnoll bouda!
You feel life coursing into your body.
The gnoll bouda barks out a call to the hunt!
The gnoll picks up the pace!
The gnoll hits you with a +0 club.
* * * LOW HITPOINT WARNING * * *
Casting: Vampiric Draining (dangerous; 2% risk of failure)
Confirm with . or Enter, or press ? or * to list all spells.
Aiming: Vampiric Draining (dangerous; 2% risk of failure)
Press: ? - help, Shift-Dir - straight line, f - gnoll, p - gnoll bouda
Aim: a gnoll, wielding a +0 club (covering ground quickly)
You draw life force from the gnoll!
You feel life coursing into your body.
Your attacks no longer feel as feeble.
The gnoll bouda calls upon its god to heal the gnoll.
The gnoll is healed somewhat.
The gnoll closely misses you.
Casting: Vampiric Draining (dangerous; 2% risk of failure)
Confirm with . or Enter, or press ? or * to list all spells.
You don't have enough magic to cast this spell.
Magic courses through your body. The gnoll bouda misses you.
The gnoll hits you with a +0 club.
* * * LOW HITPOINT WARNING * * *
Casting: Vampiric Draining (dangerous; 2% risk of failure)
Confirm with . or Enter, or press ? or * to list all spells.
Aiming: Vampiric Draining (dangerous; 2% risk of failure)
Press: ? - help, Shift-Dir - straight line, f - gnoll bouda, p - gnoll
Aim: a gnoll bouda, wielding a +0 club and wearing a +0 leather armour (almost dead)
You draw life force from the gnoll bouda!
You kill the gnoll bouda!
Vehumet accepts your kill.
You feel life coursing into your body. The gnoll hits you with a +0 club.
* * * LOW HITPOINT WARNING * * *
Casting: Vampiric Draining (dangerous; 2% risk of failure)
Confirm with . or Enter, or press ? or * to list all spells.
Aiming: Vampiric Draining (dangerous; 2% risk of failure)
Press: ? - help, Shift-Dir - straight line, f - gnoll
Aim: a gnoll, wielding a +0 club (lightly wounded, covering ground quickly)
You draw life force from the gnoll.
You feel life coursing into your body. The gnoll hits you with a +0 club.
You die...

...............................>.
.##....##...............######...
##....##...............### #...
#........................####...
#..............##...............
#........g...................#+#
##...........g..................
####........g#####.............
........#g'#@#.#'....##......
.........###g)#.)##...##......
..........##.._#_..#....#......
..........##########....+...... .
........##.._#_..#....#......
...####+#####..#..##...........
..........'.'#.#.#'..#......#..
........###..#####...#.........
........###..........#.........


You could see a gnoll (swift).

Vanquished Creatures
  A black bear (D:2)
  A gnoll bouda (D:4)
  A hound (D:3)
  An iguana (D:2)
  5 gnolls
  3 adders
  2 dart slugs
  4 orcs
  6 ball pythons
  4 bats
  4 endoplasms
  8 goblins
  4 hobgoblins
  A quokka (D:1)
  4 frilled lizards
  5 kobolds
  A rat (D:2)
55 creatures vanquished.

Notes
Turn   | Place    | Note
-------+----------+-------------------------------------------
     0 | D:1      | Esekla the Deep Elf Necromancer began the quest for the
                  | Orb.
     0 | D:1      | Reached XP level 1. HP: 10/10 MP: 6/6
   122 | D:1      | Reached skill level 5 in Necromancy
   280 | D:1      | Reached XP level 2. HP: 15/15 MP: 8/8
   498 | D:4      | Found a radiant altar of Vehumet.
   502 | D:4      | Became a worshipper of Vehumet
   513 | D:4      | Found an iron altar of Okawaru.
   526 | D:4      | Found a glowing silver altar of Zin.
   947 | D:1      | Reached XP level 3. HP: 19/19 MP: 9/9
   968 | D:2      | Noticed a black bear
   985 | D:2      | Found a faded altar of an unknown god.
  1000 | D:2      | Learned a level 3 spell: Vampiric Draining
  1112 | D:2      | Reached XP level 4. HP: 24/24 MP: 1/11
  1270 | D:2      | Found Renulab's Jewellery Shop.
  1685 | D:3      | Found a stormy altar of Qazlal.
  1706 | D:3      | Reached skill level 1 in Short Blades
  1708 | D:3      | Reached * piety under Vehumet
  1708 | D:3      | Offered knowledge of Sandblast by Vehumet.
  1709 | D:3      | Reached XP level 5. HP: 26/28 MP: 5/12
  2134 | D:3      | Identified the +5 rapier of the Hero {heavy, rN+ Dex+3}
  2183 | D:2      | Killed a black bear
  2184 | D:2      | Reached skill level 6 in Necromancy
  2184 | D:2      | Reached skill level 1 in Translocations
  2193 | D:2      | HP: 1/28 [poisoned by an adder]
  2507 | D:3      | Found a hazy altar of Hepliaklqana.
  2507 | D:3      | Found a bloodstained altar of Trog.
  2638 | D:4      | Found Ponaysk's Antique Weapon Boutique.
  2776 | D:4      | Reached XP level 6. HP: 26/32 MP: 14/14
  2812 | D:4      | Found a glowing golden altar of the Shining One.
  2854 | D:4      | HP: 1/32 [gnoll/+0 club[a gnoll bouda] (5)]
  2859 | D:4      | Slain by a gnoll

Illustrated notes

Levels and vault maps discovered:
D:1:      sevenhm_arrival_forest_fort_small_3, layout_rooms,
          chequers_serial_rivers_room_b, minmay_misc_feat_five
D:2:      layout_loops_ring, dreamdust_ecumenical_altar_angels_and_demons,
          serial_shops, shop
D:3:      layout_basic, grunt_temple_overflow_open, minmay_misc_feat_iff
D:4:      layout_basic, nicolae_overflow_quartered_altars, serial_shops,
          nicolae_diamond_shop

Skill      XL: |  1  2  3  4  5 |
---------------+----------------+-----
Necromancy     | 5 6 |  6.3
Dodging        | 3 4 |  4.1
Stealth        | 3 |  3.7
Short Blades   | 1 |  1.5
Spellcasting   | 4 |  4.6
Translocations | 1 |  1.4
Throwing       | |  0.5

Action                     |  1- 3 |  4- 6 || total
---------------------------+-------+-------++-------
  Melee: Unarmed           |    23 |       ||    23
         Short sword       |    13 |       ||    13
         Dagger            |    60 |    92 ||   152
         Punch             |       |     2 ||     2
  Throw: Dart              |     4 |    14 ||    18
   Cast: Vampiric Draining |     4 |    18 ||    22
    Use: Scroll            |     3 |     2 ||     5
         Potion            |       |     4 ||     4
   Stab: Sleeping          |     1 |     6 ||     7
         Distracted        |       |     1 ||     1
 Armour: Robe              |    15 |    15 ||    30
  Dodge: Dodged            |    70 |    48 ||   118
